Description

The build Order comes from Garitos : A french GM Player.

This build order is really easy to execute. He is designed for beginner or new player who want a solid build order to improve and to reach a good level. The goal is to do a strong +1 Timing and win the game on it. You can use the macro version by adding the third at 5min.

Why i did this build order ?

  • Easy to do for beginner
  • Strong in defense
  • Easy to understand
  • Help you to improve your mechanics
  • Meta: You can use it in GM too
  • Include scouting timing to help you learning how to scout
  • Can be done from bronze to GM

Few tips :

  • If you feel an attack (mass gling or bbust), do a full wall and produce roachs
  • Don't commit on micro in early game, macro is the most important thing
  • Never stop drone production until 60 drones (except if you want more unit)
  • Focus on your inject
  • Focus on one simple army composition: roach
  • Learn to scout step by step: Understand why he is taking gas, why he doesn't expand etc...

This build is designed to be good in defense and in attack.

VOD

https://youtu.be/_Bep67AXHE0

Replay - Areff v Garitos - Ever Dream LE

Build Order

Get SALT Encoding   

  12  0:00  Drone  
  13  0:12  Overlord  
  13  0:17  Drone  
  14  0:30  Drone x2  
  16  0:49  Hatchery  
  15  0:51  Drone  
  16  1:06  Spawning Pool  
  16  1:10  Drone x2  
  16  1:17  Drone  
  18  1:20  Extractor  
  17  1:38  Drone x2  
  19  1:53  Queen  
  21  1:57  Zergling x2  
  22  2:04  Queen  
  22  2:05  Zergling x2  
  22  2:07  Overlord  
  28  2:29  Queen  
  34  2:56  Overlord  
  35  3:06  Evolution Chamber  
  35  3:07  Roach Warren  
  35  3:12  Lair  
  35  3:13  Overlord  
  37  3:23  Overlord  
  39  3:32  Zerg Missile Weapons Level 1  
  41  3:44  Extractor x2  
  41  3:54  Roach x2  
  49  4:03  Evolution Chamber  
  50  4:15  Glial Reconstitution  
  50  4:18  Evolution Chamber  
  50  4:21  Roach x4  
  58  4:31  Roach x4  
  84  6:45  Ravager x3  
Spawning Tool Build Advisor. Get it on Overwolf

Go to:

Details

  • Created by: zuka      
  • Published on: Oct 09, 2020
  • Patch: 4.11.0
  • Difficulty: Easy
Show
View Real Time Build Order
Export as new Build Order

Comments (0)

There are no comments. Be the first!

Create an account to comment!